 Dungeon Crawl Stone Soup version 0.30-a0-840-ga523dec638 (webtiles) character file.

Game seed: 5126259126876248201

287656 loam the Gelid (level 19, -6/138 HPs)
             Began as a Demonspawn Delver on Mar 2, 2023.
             Was the Champion of Vehumet.
             Mangled by a +2 battleaxe of freezing (8 damage)
             ... on level 2 of the Elven Halls.
             The game lasted 01:55:29 (44011 turns).

loam the Gelid (Demonspawn Delver)                 Turns: 44011, Time: 01:55:30

Health: -6/138     AC: 14    Str: 12    XL:     19   Next: 86%
Magic:  0/37       EV: 17    Int: 29    God:    Vehumet [******]
Gold:   1674       SH:  0    Dex: 19    Spells: 0/47 levels left

rFire   . . .      SeeInvis .    Q - staff of cold
rCold   + . .      Faith    .    (no shield)
rNeg    . . .      Spirit   +    K - +0 troll leather armour
rPois   +          Reflect  .    I - +2 helmet
rElec   .          Harm     .    (cloak unavailable)
rCorr   .          Rampage  +    y - +2 pair of gloves "Nigequno" {rPois Dex+5}
Will    +....                    R - +1 pair of boots {rampage}
Stlth   +                        B - amulet of regeneration
HPRegen 2.03/turn                a - +6 ring of intelligence
MPRegen 0.50/turn                O - ring of wizardry

@: contaminated, hasted, glowing, very quick
A: yellow scales 1, foul stench 3, magic shield, magic regeneration, magic link,
weakness stinger 3, clever 1, poison resistance
}: 2/15 runes: decaying, gossamer
a: Renounce Religion


You were on level 2 of the Elven Halls.
You worshipped Vehumet.
Vehumet was exalted by your worship.
You visited 7 branches of the dungeon, and saw 36 of its levels.
You also visited: Ossuary and Gauntlet.

You collected 3744 gold pieces.
You spent 2070 gold pieces at shops.

Inventory:

Missiles
 F - a throwing net (quivered)
Armour
 y - the +2 pair of gloves "Nigequno" (worn) {rPois Dex+5}
   (You took it off Nikola on level 1 of the Vaults)

   Dex:       It affects your dexterity (+5).
   rPois:     It protects you from poison.
 I - a +2 helmet (worn)
 K - a +0 troll leather armour (worn)
 R - a +1 pair of boots of rampaging (worn)
Magical Staves
 N - a staff of fire
 Q - a staff of cold (weapon)
Jewellery
 a - a +6 ring of intelligence (left hand)
 v - a ring of see invisible
 B - an amulet of regeneration (around neck)
 O - a ring of wizardry (right hand)
 T - a +6 ring of dexterity
Wands
 g - a wand of digging (9)
 u - a wand of mindburst (23)
 x - a wand of flame (55)
 z - a wand of polymorph (24)
 G - a wand of paralysis (39)
 M - a wand of roots (33)
 P - a wand of light (2)
Scrolls
 b - 2 scrolls of fear
 c - 4 scrolls of fog
 e - 3 scrolls of enchant armour
 f - 5 scrolls of brand weapon
 h - 6 scrolls of enchant weapon
 i - 8 scrolls of immolation
 j - 6 scrolls of magic mapping
 n - a scroll of torment
 o - 5 scrolls of poison
 p - 9 scrolls of vulnerability
 D - 6 scrolls of amnesia
 E - 5 scrolls of noise
 L - 2 scrolls of silence
Potions
 d - 2 potions of brilliance
 k - 19 potions of ambrosia
 m - 7 potions of flight
 q - 4 potions of mutation
 w - 2 potions of berserk rage
 A - 8 potions of attraction
 C - 2 potions of resistance
 H - 5 potions of cancellation
 J - 4 potions of lignification
 S - 8 potions of curing
 W - 4 potions of might
 X - 2 potions of haste


   Skills:
 - Level 9.0 Fighting
 - Level 1.7 Short Blades
 - Level 9.0 Dodging
 - Level 4.5 Stealth
 + Level 14.7 Spellcasting
 - Level 9.0 Conjurations
 - Level 9.0 Transmutations
 - Level 16.4 Fire Magic
 - Level 16.4 Ice Magic
 - Level 9.0 Air Magic
 + Level 5.3 Earth Magic
 - Level 9.0 Poison Magic


You couldn't memorise any spells.
You knew the following spells:

 Your Spells              Type           Power      Damage    Failure   Level
a - Iron Shot             Conj/Erth      29%        9d6       3%          6
b - Ignition              Fire           43%        3d12      2%          8
c - Freezing Cloud        Conj/Ice/Air   46%        6-21      1%          5
d - Ozocubu's Refrigerat  Ice            54%        4d19      1%          7
e - Polar Vortex          Ice            54%        N/A       32%         9
f - Fireball              Conj/Fire      38%        3d16      1%          5
g - Irradiate             Conj/Tmut      32%        3d22      1%          5
k - Blink                 Tloc           42%        N/A       1%          2

Your spell library contained the following spells:

 Spells                   Type           Power      Damage    Failure   Level
 Fire Storm               Conj/Fire      38%        8d10      77%         9
 Chain Lightning          Conj/Air       32%        3d43      99%         9
 Shatter                  Erth           25%        3d22*     100%        9
 Foxfire                  Conj/Fire      100%       2x1d9     0%          1
 Freeze                   Ice            100%       1d10      0%          1
 Frozen Ramparts          Ice            100%       1d16      0%          3
 Ozocubu's Armour         Ice            100%       N/A       0%          3
 Apportation              Tloc           42%        N/A       1%          1
 Necrotise                Necr           84%        1d8       1%          1
 Sting                    Tmut/Pois      100%       1d8       1%          1
 Summon Small Mammal      Summ           84%        N/A       1%          1
 Cigotuvi's Dreadful Rot  Necr/Pois/Air  100%       N/A       1%          2
 Lesser Beckoning         Tloc           42%        N/A       1%          2
 Momentum Strike          Conj/Tloc      94%        3d10      1%          2
 Passwall                 Tmut/Erth      48%        N/A       1%          2
 Poisonous Vapours        Pois/Air       100%       N/A       1%          2
 Static Discharge         Conj/Air       100%       2-7/arc   1%          2
 Sublimation of Blood     Necr           21%        N/A       1%          2
 Hailstorm                Conj/Ice       97%        3d19      1%          3
 Ignite Poison            Fire/Tmut/Pois 73%        N/A       1%          3
 Inner Flame              Hex/Fire       62%        N/A       1%          3
 Vhi's Electric Charge    Tloc/Air       94%        N/A       1%          3
 Flame Wave               Conj/Fire      76%        2d17      1%          4
 Olgreb's Toxic Radiance  Pois           65%        N/A       1%          4
 Petrify                  Tmut/Erth      58%        N/A       1%          4
 Sticky Flame             Conj/Fire      76%        2d9       1%          4
 Alistair's Intoxication  Tmut/Pois      43%        N/A       1%          5
 Arcjolt                  Conj/Air       32%        1d42      1%          5
 Blade Hands              Tmut           32%        N/A       1%          5
 Lee's Rapid Deconstruct  Erth           25%        3d14*     1%          5
 Yara's Violent Unravell  Hex/Tmut       23%        3d10      1%          5
 Eringya's Noxious Bog    Tmut/Pois      32%        N/A       1%          6
 Starburst                Conj/Fire      38%        6d11      1%          6
 Call Canine Familiar     Summ           21%        N/A       3%          3
 Gell's Gravitas          Tloc           21%        N/A       3%          3
 Portal Projectile        Hex/Tloc       42%        N/A       3%          3
 Teleport Other           Tloc           21%        N/A       3%          3
 Tukima's Dance           Hex            21%        N/A       3%          3
 Vampiric Draining        Necr           21%        2d7       3%          3
 Leda's Liquefaction      Hex/Erth       18%        N/A       4%          4
 Simulacrum               Ice/Necr       40%        N/A       6%          6
 Statue Form              Tmut/Erth      38%        N/A       10%         6
 Borgnjor's Vile Clutch   Necr/Erth      18%        N/A       11%         5
 Dispel Undead            Necr           21%        3d11      12%         4
 Passage of Golubria      Tloc           21%        N/A       12%         4
 Dragon Form              Tmut           32%        N/A       24%         7
 Agony                    Necr           21%        N/A       32%         5
 Maxwell's Capacitive Co  Air            32%        ∞         41%         8
 Death Channel            Necr           10%        N/A       85%         6
 Dispersal                Tloc           10%        N/A       85%         6
 Malign Gateway           Summ/Tloc      10%        N/A       100%        7
 Borgnjor's Revivificati  Necr           10%        N/A       100%        8
 Necromutation            Tmut/Necr      23%        N/A       100%        8
 Death's Door             Necr           10%        N/A       100%        9


Dungeon Overview and Level Annotations

Branches:
Dungeon (15/15)            Temple (0/1) D:7            Lair (5/5) D:11
  Swamp (4/4) Lair:3       Spider (4/4) Lair:2        Slime (0/5) Lair:5
    Orc (2/2) D:12            Elf (2/3) Orc:2        Vaults (4/5) D:14
  Crypt (0/3) Vaults:3     Depths (0/4) D:15        Ossuary (visited)
Gauntlet (visited)

Altars:
Ashenzari
Cheibriados
Fedhas
Makhleb
Okawaru
Ru
Trog
Vehumet
Wu Jian
Jiyva

Shops:
D:9 !   D:13 :   Orc:2 =**=   Elf:1 =   Elf:2 (   Vaults:1 =   Vaults:3 ?

Portals:
Trove: D:13 (give +4 ice dragon scales)

Annotations:
D:2 Terence
D:6 3 runed translucent doors, sirJeffrey23's ghost, novice DsFi
D:13 Wipuing's ghost, journeyman MiBe
Lair:5 1 runed translucent door
Spider:3 Roxanne
Vaults:4 Bai Suzhen; Sojobo


Innate Abilities, Weirdness & Mutations

You are partially covered in yellow scales. (AC +2)
You frequently emit foul miasma when damaged in melee.
When hurt, damage is shared between your health and your magic reserves.
You regenerate magic rapidly.
When low on magic, you restore magic in place of health.
You have a sharp stinger which inflicts weakening toxins.
Your mind is acute. (Int +4, Str/Dex -1)
Your system is resistant to poisons. (rPois)


Message History

The +2 mace of protection misses you.
The +2 mace of protection attacks as you move away!
The +2 mace of protection completely misses you.
The +2 mace of protection attacks as you move away!
The +2 mace of protection hits you!
* * * LOW HITPOINT WARNING * * *
A deep elf knight comes into view.
It is wielding a +1 short sword of speed.
The deep elf knight shouts!
Magic courses through your body. The +2 mace of protection hits you.
* * * LOW HITPOINT WARNING * * *
The deep elf knight unwields a +1 short sword of speed.
The deep elf knight wields a +0 shortbow.
The deep elf knight shoots an arrow.
The arrow hits you!
* * * LOW HITPOINT WARNING * * *
You feel better. The +2 mace of protection hits you.
* * * LOW HITPOINT WARNING * * *
You feel better. The +2 mace of protection hits you!
* * * LOW HITPOINT WARNING * * *
You emit a cloud of foul miasma!
The deep elf knight shoots an arrow.
The arrow misses you.
You feel better.
The +2 mace of protection hits you but does no damage.
The +2 battleaxe of freezing hits you!!
* * * LOW HITPOINT WARNING * * *
The +2 battleaxe of freezing freezes you.
* * * LOW HITPOINT WARNING * * *
A +1 antimagic bardiche comes into view.
The deep elf knight casts a spell.
The deep elf knight seems to speed up.
The +2 mace of protection hits you!
* * * LOW HITPOINT WARNING * * *
Okay, then.
Okay, then.
As you read the scroll of fear, it crumbles to dust.
You assume a fearsome visage.
The +1 antimagic bardiche is unaffected.
The deep elf knight looks frightened!
The +2 mace of protection is unaffected.
The +2 battleaxe of freezing is unaffected.
The +2 battleaxe of freezing hits you!
You die...

. #....(e....
.. #..........
...
##..........
...
#.#.........
...
#..#........
...#..
#...#......#
....#.
#...#....#...
.....#
#.@.#..#....
......
##((.##.....
......
##...##.....
......
##...#..#....
......
##...#....#...
.....#
#...#...)..#..
....#.
#..#........#.
...#..
#.#..........#
..#...
##............
##....


You could see a deep elf knight (fast, fleeing) and 3 dancing weapons.

Vanquished Creatures
  Boris (Vaults:3)
  Nikola (Vaults:1)
  Jorgrun (Swamp:2)
  Mlioglotl (Swamp:3)
  Kirke (Spider:1)
  Frances (D:14)
  A sphinx (Vaults:1)
  2 tengu reavers
  3 thorn hunters
  A fenstrider witch (Swamp:3)
  Donald (Spider:1)
  A fire giant (Vaults:2)
  4 emperor scorpions
  Aizul (Swamp:3)
  A deep elf sorcerer (Elf:1)
  9 vault wardens
  A ghoul (Vaults:3)
  6 ghost moths
  An orc warlord (Vaults:4)
  8 ironbound thunderhulks
  3 very ugly things
  A stone giant (D:15)
  8 ironbound preservers
  A deep elf demonologist (Elf:1)
  3 eleionomae
  2 dire elephants
  5 bunyips
  A minotaur (Gauntlet)
  A spark wasp (Spider:4)
  Azrael (Spider:1)
  2 deep elf death magi (Elf:1)
  A shambling mangrove (Swamp:2)
  4 great orbs of eyes
  A deep elf high priest (Elf:1)
  2 entropy weavers
  3 merfolk impalers (D:13)
  4 yaktaur captains
  8 hydras
  A rakshasa (D:15)
  A jorogumo (Spider:2)
  3 vault guards
  2 two-headed ogres
  A death yak (D:7)
  4 radroaches
  12 centaur warriors
  The ghost of demibob the Severer, a novice HOFi of Beogh (D:10)
  4 ghost crabs
  5 ironbound frosthearts
  11 dancing weapons
  7 boulder beetles
  13 alligators
  6 tengu warriors
  A titan zombie (Vaults:2)
  15 deep elf knights
  Urug (D:11)
  A skyshark (Lair:2)
  4 pharaoh ants
  3 skeletal warriors (D:11)
  A wretched star (Gauntlet)
  4 goliath frogs
  6 spriggan druids
  A death drake (Swamp:4)
  2 spectral hydras (Swamp:4)
  24 deep trolls
  6 orb spiders
  A death drake (shapeshifter) (Elf:1)
  5 wizards
  3 deep elf archers
  3 swamp dragons
  7 bog bodies
  7 ironbound convokers
  A harpy (Vaults:2)
  4 necromancers
  4 orc knights
  2 phantasmal warriors
  5 lindwurms
  16 deep elf pyromancers
  18 deep elf zephyrmancers
  20 wolf spiders
  6 steelbarb worms
  12 ugly things
  2 oklob plants
  An orc sorcerer (D:12)
  7 will-o-the-wisps
  4 manticores
  2 cyclopes (D:14)
  26 elephants
  8 demonic crawlers
  3 black mambas
  2 gargoyles
  11 torpor snails
  6 cane toads
  Maggie (D:9)
  10 vault sentinels
  An elf zombie (Vaults:4)
  4 rime drakes
  4 swamp worm zombies (Swamp:4)
  A human zombie (Vaults:4)
  3 unseen horrors
  8 komodo dragons
  4 efreet
  2 yaktaur skeletons (Vaults:4)
  34 yaktaurs
  Psyche (D:8)
  2 kobold demonologists (D:14)
  4 tengu conjurers
  2 freezing wraiths
  A queen bee (Spider:2)
  6 hydra zombies (Swamp:4)
  14 hornets
  8 trolls
  8 bloated husks
  7 tyrant leeches
  A troll (shapeshifter) (Elf:1)
  3 meliai (Spider:2)
  2 spectral swamp dragons (Swamp:4)
  14 polar bears
  A sphinx simulacrum (Vaults:2)
  3 raiju (Lair:5)
  14 dream sheep (Lair:5)
  5 blink frogs (Lair:5)
  A stone giant simulacrum (Vaults:2)
  19 tarantellas
  A raiju (shapeshifter) (D:10)
  An alligator zombie (Swamp:4)
  A slime creature (shapeshifter) (Vaults:2)
  An air elemental (Elf:2)
  2 centaur simulacra (D:14)
  26 jumping spiders
  A ynoxinul (D:10)
  26 culicivoras
  A shadow (D:12)
  32 slime creatures
  A spriggan (Swamp:3)
  2 vampires
  2 wyverns (Lair:2)
  4 hogs (Spider:1)
  25 yaks
  8 wraiths
  A water elemental (Elf:1)
  6 basilisks
  5 fire elementals (Spider:1)
  Grum (D:9)
  A yaktaur simulacrum (Vaults:2)
  2 neqoxecs (Gauntlet)
  46 redbacks
  11 vampire mosquitoes
  18 swamp worms
  3 acid dragons
  5 wargs
  A floating eye (shapeshifter) (D:15)
  17 hell hounds
  7 water moccasins
  A small abomination (Gauntlet)
  5 swamp drakes
  3 ice beasts
  A sky beast (D:7)
  37 orc warriors
  2 ogres
  A swamp dragon zombie (Swamp:4)
  13 black bears
  3 boggarts (D:14)
  27 wolves
  15 centaurs
  5 phantoms
  7 kobold brigands
  2 necrophages
  11 bullfrogs
  5 earth elementals
  A gnoll sergeant (D:8)
  10 scorpions
  3 wights (Ossuary)
  24 killer bees
  2 troll zombies (D:12)
  An electric eel (D:11)
  3 vampire bats (D:15)
  6 howler monkeys
  A lava snake (D:15)
  8 hounds
  A jelly (D:6)
  2 gnoll boudas (D:8)
  9 orc priests
  3 iguanas
  Natasha (thrice) (D:2)
  25 orc wizards
  2 spectral swamp drakes (Swamp:4)
  2 hell rats (Lair:5)
  7 ogre zombies
  A killer bee simulacrum (D:8)
  Robin (D:4)
  15 gnolls
  6 river rats (Lair:5)
  9 adders
  2 swamp drake zombies (Swamp:4)
  17 white imps
  A howler monkey simulacrum (D:8)
  An ufetubus (D:8)
  A worm (D:2)
  2 dart slugs
  58 orcs
  6 ball pythons
  3 endoplasms (D:1)
  2 giant cockroaches (Lair:2)
  16 goblins
  13 hobgoblins
  2 jackals (D:3)
  28 kobolds
  5 quokkas
  3 ball python skeletons (Ossuary)
  7 bats
  6 frilled lizards
  2 goblin skeletons (D:12)
  3 goblin zombies (D:12)
  3 hobgoblin skeletons
  8 hobgoblin zombies
  A kobold zombie (Ossuary)
  An orc skeleton (D:12)
  12 orc zombies
  8 rats
  A bush (D:10)
1364 creatures vanquished.

Vanquished Creatures (collateral kills)
  Arachne (Spider:3)
  An entropy weaver (Spider:3)
  4 foxfires
6 creatures vanquished.

Vanquished Creatures (others)
  A torpor snail (Spider:2)
  A yaktaur (Vaults:1)
  A bloated husk (Swamp:4)
  A bush (Lair:5)
  762 foxfires
  20 fungi
  68 plants
  2 starspawn tentacles (Swamp:3)
  6 toadstools (Swamp:2)
862 creatures vanquished.

Grand Total: 2232 creatures vanquished

Notes
Turn   | Place    | Note
-------+----------+-------------------------------------------
     0 | D:5      | loam the Demonspawn Delver began the quest for the Orb.
     0 | D:5      | Reached XP level 1. HP: 18/18 MP: 1/1
    72 | D:5      | Noticed a hound
    73 | D:5      | Found a bloodstained altar of Trog.
    82 | D:5      | Killed a hound
    83 | D:5      | Gained mutation: You are partially covered in yellow
                  | scales. (AC +2) [demonic ancestry]
    83 | D:5      | Reached XP level 2. HP: 14/24 MP: 1/5
    83 | D:5      | Gained mutation: You have a small tail. [demonic ancestry]
    83 | D:5      | Reached XP level 3. HP: 17/29 MP: 1/6
    94 | D:5      | Found an ornate altar of the Wu Jian Council.
   210 | D:4      | Found a radiant altar of Vehumet.
   218 | D:4      | Became a worshipper of Vehumet
   346 | D:4      | Noticed Robin
   373 | D:3      | Noticed an ogre
   520 | D:1      | Gained mutation: You regenerate magic rapidly. [demonic
                  | ancestry]
   520 | D:1      | Reached XP level 4. HP: 35/35 MP: 9/9
   542 | D:1      | Found a faded altar of an unknown god.
  1433 | D:2      | Noticed Natasha
  1448 | D:2      | Killed Natasha
  1526 | D:2      | Reached * piety under Vehumet
  1526 | D:2      | Offered knowledge of Foxfire by Vehumet.
  1534 | D:2      | Learned a level 1 spell: Foxfire
  1625 | D:2      | Noticed Terence
  1713 | D:2      | Noticed Natasha
  1718 | D:2      | Killed Natasha
  1719 | D:2      | Reached XP level 5. HP: 38/41 MP: 6/11
  1808 | D:2      | Noticed Natasha
  1814 | D:2      | Killed Natasha
  1815 | D:2      | Reached skill level 1 in Conjurations
  1815 | D:2      | Reached skill level 1 in Fire Magic
  2321 | D:3      | Reached XP level 6. HP: 47/47 MP: 10/12
  3088 | D:4      | Killed Robin
  3089 | D:4      | Reached ** piety under Vehumet
  3089 | D:4      | Offered knowledge of Static Discharge by Vehumet.
  3306 | D:4      | Learned a level 2 spell: Static Discharge
  4177 | D:5      | Noticed an ice beast
  4187 | D:5      | Killed an ice beast
  4188 | D:5      | Reached skill level 1 in Air Magic
  4188 | D:5      | Gained mutation: When hurt, damage is shared between your
                  | health and your magic reserves. [demonic ancestry]
  4188 | D:5      | Reached XP level 7. HP: 52/52 MP: 7/13
  4437 | D:5      | Gained mutation: You are somewhat resistant to further
                  | mutation. [potion of mutation]
  5383 | D:6      | Found a runed translucent gate.
  5409 | D:6      | Noticed a two-headed ogre
  5427 | D:6      | Noticed sirJeffrey23's ghost (novice DsFi)
  5446 | D:6      | Noticed an unseen horror
  5458 | D:6      | Found a runed translucent gate.
  5554 | D:6      | Gained mutation: You may rarely emit foul miasma when
                  | damaged in melee. [demonic ancestry]
  5554 | D:6      | Reached XP level 8. HP: 58/58 MP: 11/14
  5945 | D:6      | Found a burning altar of Makhleb.
  6378 | D:6      | Found a sacrificial altar of Ru.
  6402 | D:6      | Found a runed translucent gate.
  6524 | D:7      | Found a sand-covered staircase.
  6528 | Ossuary  | Entered an ossuary
  6728 | Ossuary  | Offered knowledge of Kindle Blastsparks by Vehumet.
  6878 | Ossuary  | Noticed a flying skull
  6885 | Ossuary  | Noticed a flying skull
  6914 | Ossuary  | Noticed a flying skull
  6927 | Ossuary  | Reached skill level 5 in Spellcasting
  6927 | Ossuary  | Reached skill level 5 in Conjurations
  7115 | Ossuary  | Noticed a flying skull
  7117 | Ossuary  | Noticed a flying skull
  7128 | Ossuary  | Reached skill level 5 in Fire Magic
  7342 | D:7      | Found a broken altar of Ashenzari.
  7680 | D:7      | Gained mutation: When low on magic, you restore magic in
                  | place of health. [demonic ancestry]
  7680 | D:7      | Reached XP level 9. HP: 63/63 MP: 13/17
  7847 | D:7      | Found a staircase to the Ecumenical Temple.
  8255 | D:8      | Noticed a death yak
  8398 | D:8      | Learned a level 2 spell: Poisonous Vapours
  8403 | D:8      | Learned a level 4 spell: Olgreb's Toxic Radiance
  8614 | D:7      | Reached skill level 1 in Poison Magic
  8763 | D:7      | Reached skill level 1 in Transmutations
  9352 | D:8      | Reached *** piety under Vehumet
  9611 | D:8      | Offered knowledge of Stone Arrow by Vehumet.
  9686 | D:7      | Killed a death yak
  9896 | D:8      | Reached skill level 5 in Poison Magic
 10074 | D:8      | Reached skill level 5 in Transmutations
 10156 | D:8      | Reached XP level 10. HP: 60/69 MP: 18/18
 10323 | D:8      | Reached **** piety under Vehumet
 10381 | D:8      | Paralysed by a centaur for 4 turns
 10402 | D:8      | Found a snail-covered altar of Cheibriados.
 10610 | D:8      | Offered knowledge of Inner Flame by Vehumet.
 10683 | D:8      | Noticed Psyche
 10694 | D:8      | Killed Psyche
 10914 | D:9      | Noticed Maggie
 10930 | D:9      | Killed Maggie
 11752 | D:9      | Paralysed by a hornet for 2 turns
 11811 | D:9      | Found Icemer's Distillery.
 12017 | D:9      | Noticed Grum
 12023 | D:9      | Reached ***** piety under Vehumet
 12031 | D:9      | Offered knowledge of Irradiate by Vehumet.
 12043 | D:9      | Killed Grum
 12239 | D:9      | Learned a level 3 spell: Ignite Poison
 12246 | D:9      | Learned a level 6 spell: Eringya's Noxious Bog
 12289 | D:10     | Entered Level 10 of the Dungeon
 12291 | D:10     | Found a runed translucent door.
 12293 | D:10     | Noticed demibob's ghost (novice HOFi)
 12425 | D:10     | Got Sif Muna's Cyclopedia of the Discontinuous Stinger
 12492 | D:10     | Gained mutation: You have a tail ending in a sharp stinger.
                  | [demonic ancestry]
 12492 | D:10     | Reached XP level 11. HP: 75/75 MP: 14/19
 12986 | D:11     | Noticed Urug
 12986 | D:11     | Noticed a two-headed ogre
 12988 | D:11     | Noticed a boulder beetle
 12992 | D:11     | Killed a two-headed ogre
 12992 | D:11     | Killed Urug
 12992 | D:11     | Killed a boulder beetle
 13130 | D:11     | Found a blossoming altar of Fedhas.
 13314 | D:11     | Noticed a brown ugly thing
 13321 | D:11     | Killed a brown ugly thing
 13442 | D:11     | Found a staircase to the Lair.
 13479 | D:11     | Noticed a skeletal warrior
 13481 | D:11     | Noticed a skeletal warrior
 13855 | D:12     | Learned a level 5 spell: Irradiate
 13868 | D:12     | Found a staircase to the Orcish Mines.
 13868 | D:12     | Noticed an orc sorcerer
 13871 | D:12     | Killed an orc sorcerer
 14092 | D:12     | Reached skill level 5 in Air Magic
 14664 | Orc:1    | Entered Level 1 of the Orcish Mines
 14789 | Orc:2    | Entered Level 2 of the Orcish Mines
 14804 | Orc:2    | Gained mutation: You sometimes emit foul miasma when
                  | damaged in melee. [demonic ancestry]
 14804 | Orc:2    | Reached XP level 12. HP: 79/81 MP: 21/25
 14807 | Orc:2    | Found a burning altar of Makhleb.
 14900 | Orc:2    | Found a staircase to the Elven Halls.
 15140 | Orc:2    | Offered knowledge of Arcjolt by Vehumet.
 15317 | Orc:2    | Found Orphauc's General Store.
 15317 | Orc:2    | Found Hikhleha's Assorted Antiques.
 15319 | Orc:2    | Found Ynwykh's Jewellery Emporium.
 15321 | Orc:2    | Found Laaruyts's Jewellery Shop.
 15434 | Orc:2    | Noticed a two-headed ogre
 15438 | Orc:2    | Killed a two-headed ogre
 15457 | Orc:2    | Learned a level 2 spell: Blink
 15785 | Lair:1   | Entered Level 1 of the Lair of Beasts
 15971 | Lair:1   | Reached skill level 10 in Spellcasting
 16650 | Lair:2   | Noticed a seven-headed hydra
 16655 | Lair:2   | Killed a seven-headed hydra
 16774 | Lair:2   | Found a hole to the Spider Nest.
 16990 | Lair:2   | Found a gate leading to a gauntlet.
 17004 | Gauntlet | Entered a Gauntlet
 17004 | Gauntlet | Found a transporter.
 17004 | Gauntlet | Found a transporter.
 17004 | Gauntlet | Found a runed translucent gate.
 17006 | Gauntlet | Found a transporter.
 17006 | Gauntlet | Found a transporter.
 17007 | Gauntlet | Found a runed translucent gate.
 17008 | Gauntlet | Found a runed translucent gate.
 17009 | Gauntlet | Found a transporter.
 17016 | Gauntlet | Found a transporter.
 17017 | Gauntlet | Noticed a tengu warrior
 17018 | Gauntlet | Found a transporter.
 17020 | Gauntlet | Found a transporter.
 17020 | Gauntlet | Found a transporter.
 17028 | Gauntlet | Found a transporter.
 17029 | Gauntlet | Found a transporter.
 17089 | Gauntlet | Found a transporter.
 17272 | Gauntlet | Gained mutation: You frequently emit foul miasma when
                  | damaged in melee. [demonic ancestry]
 17272 | Gauntlet | Reached XP level 13. HP: 76/86 MP: 18/27
 17273 | Gauntlet | Reached skill level 1 in Ice Magic
 17359 | Gauntlet | Gained mutation: You are weak. (Str -2) [mutagenic glow]
 17382 | Gauntlet | Noticed a minotaur
 17406 | Gauntlet | Killed a minotaur
 17423 | Gauntlet | Gained mutation: You are strong-willed. (Will+) [mutagenic
                  | glow]
 17472 | Gauntlet | Identified the +0 robe of a ziggurat {rC+ Int+3 Dex+3}
 17474 | Gauntlet | Identified the +4 kite shield of Syndicalism {Str+2}
 18240 | Lair:3   | Found a staircase to the Swamp.
 18259 | Lair:3   | Found a dark tunnel.
 18952 | Lair:4   | Offered knowledge of Lee's Rapid Deconstruction by Vehumet.
 19425 | Lair:4   | Reached skill level 5 in Ice Magic
 19796 | Lair:5   | Entered Level 5 of the Lair of Beasts
 20149 | Lair:5   | Reached XP level 14. HP: 71/93 MP: 22/29
 20151 | Lair:5   | Reached ****** piety under Vehumet
 20247 | Lair:5   | Offered knowledge of Spellforged Servitor by Vehumet.
 20743 | Lair:5   | Found a viscous altar of Jiyva.
 20743 | Lair:5   | Found a staircase to the Slime Pits.
 21059 | Lair:5   | Found a runed translucent door.
 21734 | D:13     | Found Edesufitz's Book Emporium.
 21741 | D:13     | Bought Ozocubu's Autobiography for 288 gold pieces
 21741 | D:13     | Bought a Necronomicon for 672 gold pieces
 21748 | D:13     | Found a runed translucent gate.
 21748 | D:13     | Found a runed translucent gate.
 21748 | D:13     | Found a runed translucent gate.
 21749 | D:13     | Noticed Wipuing's ghost (journeyman MiBe)
 21750 | D:13     | Found an iron altar of Okawaru.
 21951 | D:13     | Offered knowledge of Starburst by Vehumet.
 22270 | D:13     | Found a portal to a secret trove of treasure.
 22508 | D:13     | Reached skill level 10 in Fire Magic
 22509 | D:13     | Reached skill level 10 in Ice Magic
 22633 | D:13     | Reached XP level 15. HP: 101/101 MP: 25/30
 22956 | D:14     | Noticed Frances
 22962 | D:14     | Killed Frances
 23306 | D:14     | Found a gate to the Vaults.
 23945 | D:15     | Entered Level 15 of the Dungeon
 24023 | D:15     | Reached skill level 5 in Fighting
 24478 | D:15     | Found a staircase to the Depths.
 24492 | D:15     | Learned a level 7 spell: Ozocubu's Refrigeration
 24784 | D:15     | Offered knowledge of Lightning Bolt by Vehumet.
 25509 | Spider:1 | Entered Level 1 of the Spider Nest
 25509 | Spider:1 | Noticed Kirke
 25515 | Spider:1 | Killed Kirke
 25527 | Spider:1 | Reached skill level 5 in Dodging
 25529 | Spider:1 | Gained mutation: You are very weak. (Str -4) [mutagenic
                  | glow]
 25753 | Spider:1 | Gained mutation: Armour fits poorly on your strangely
                  | shaped body. [mutagenic glow]
 25847 | Spider:1 | Lost mutation: You are strong-willed. (Will+) [potion of
                  | mutation]
 25847 | Spider:1 | Lost mutation: Armour fits poorly on your strangely shaped
                  | body. [potion of mutation]
 25847 | Spider:1 | Lost mutation: You are very weak. (Str -4) [potion of
                  | mutation]
 26006 | Spider:1 | Noticed Azrael
 26023 | Spider:1 | Offered knowledge of Lehudib's Crystal Spear by Vehumet.
 26024 | Spider:1 | Killed Azrael
 26118 | Spider:1 | Noticed Donald
 26126 | Spider:1 | Killed Donald
 26552 | Spider:2 | Reached XP level 16. HP: 99/113 MP: 24/31
 26931 | Spider:2 | Gained mutation: You are clumsy. (Dex -2) [mutagenic glow]
 27063 | Spider:2 | Identified the +1 scale mail "Xitiek" {rF+++}
 27462 | Spider:2 | Offered knowledge of Fire Storm by Vehumet.
 27462 | Spider:2 | Offered knowledge of Shatter by Vehumet.
 27462 | Spider:2 | Offered knowledge of Chain Lightning by Vehumet.
 27666 | Spider:3 | Noticed Arachne
 28133 | Spider:3 | Identified Roxanne's Catalogue of the Quake
 28133 | Spider:3 | Noticed Roxanne
 28252 | Spider:3 | Gained mutation: Your spells are a little easier to cast,
                  | but a little less powerful. [mutagenic glow]
 28253 | Spider:3 | HP: 2/115 [Arachne/staff of poison (18)]
 28262 | Spider:3 | Killed Arachne
 28811 | Spider:3 | Learned a level 8 spell: Ignition
 28826 | Spider:4 | Entered Level 4 of the Spider Nest
 29821 | Spider:4 | Lost mutation: Your spells are a little easier to cast, but
                  | a little less powerful. [potion of mutation]
 29821 | Spider:4 | Lost mutation: You are somewhat resistant to further
                  | mutation. [potion of mutation]
 29821 | Spider:4 | Lost mutation: You are clumsy. (Dex -2) [potion of
                  | mutation]
 29821 | Spider:4 | Gained mutation: You are dopey. (Int -2) [potion of
                  | mutation]
 29821 | Spider:4 | Gained mutation: You have a pair of small horns on your
                  | head. [potion of mutation]
 29822 | Spider:4 | Lost mutation: You are weak. (Str -2) [potion of mutation]
 29822 | Spider:4 | Lost mutation: You have a pair of small horns on your head.
                  | [potion of mutation]
 29822 | Spider:4 | Lost mutation: You are dopey. (Int -2) [potion of mutation]
 29822 | Spider:4 | Gained mutation: You are partially covered in large bone
                  | plates. (SH +4) [potion of mutation]
 29822 | Spider:4 | Gained mutation: You are resistant to electric shocks.
                  | (rElec) [potion of mutation]
 29867 | Spider:4 | Gained mutation: Your body sometimes deteriorates upon
                  | taking damage. [mutagenic glow]
 30108 | Spider:4 | Got a gossamer rune of Zot
 30130 | Spider:4 | Gained mutation: You occasionally lose the ability to drink
                  | potions when taking damage. [mutagenic glow]
 30131 | Spider:4 | Gained mutation: You have a sharp stinger which inflicts
                  | weakening toxins. [demonic ancestry]
 30131 | Spider:4 | Reached XP level 17. HP: 96/122 MP: 5/32
 30162 | Spider:4 | Gained mutation: You are dopey. (Int -2) [mutagenic glow]
 30196 | Spider:4 | Lost mutation: You occasionally lose the ability to drink
                  | potions when taking damage. [potion of mutation]
 30196 | Spider:4 | Lost mutation: You are resistant to electric shocks.
                  | (rElec) [potion of mutation]
 30196 | Spider:4 | Gained mutation: You are occasionally teleported next to
                  | monsters. [potion of mutation]
 30196 | Spider:4 | Gained mutation: You occasionally lose the ability to read
                  | scrolls when taking damage. [potion of mutation]
 30197 | Spider:4 | Lost mutation: You are partially covered in large bone
                  | plates. (SH +4) [potion of mutation]
 30197 | Spider:4 | Lost mutation: Your body sometimes deteriorates upon taking
                  | damage. [potion of mutation]
 30197 | Spider:4 | Gained mutation: You passively dampen the noise of your
                  | surroundings. [potion of mutation]
 30197 | Spider:4 | Lost mutation: You passively dampen the noise of your
                  | surroundings. [potion of mutation]
 30198 | Spider:4 | Lost mutation: You are dopey. (Int -2) [potion of mutation]
 30198 | Spider:4 | Lost mutation: You occasionally lose the ability to read
                  | scrolls when taking damage. [potion of mutation]
 30198 | Spider:4 | Lost mutation: You are occasionally teleported next to
                  | monsters. [potion of mutation]
 30198 | Spider:4 | Gained mutation: Your mind is acute. (Int +4, Str/Dex -1)
                  | [potion of mutation]
 30198 | Spider:4 | Gained mutation: Your flesh is heat resistant. (rF+)
                  | [potion of mutation]
 30198 | Spider:4 | Gained mutation: You expend magic power (3 MP) to
                  | strengthen your wands. [potion of mutation]
 30327 | Swamp:1  | Entered Level 1 of the Swamp
 31536 | D:13     | Bought a book of Fire for 360 gold pieces
 31542 | D:13     | Learned a level 5 spell: Fireball
 31548 | D:13     | Learned a level 5 spell: Freezing Cloud
 32737 | Swamp:2  | Noticed Jorgrun
 32759 | Swamp:2  | Killed Jorgrun
 33328 | Swamp:3  | Noticed Aizul
 33484 | Swamp:3  | Killed Aizul
 33487 | Swamp:3  | HP: 5/124 [poisoned by Aizul (bolt of poison)]
 33488 | Swamp:3  | HP: 2/124 [poisoned by Aizul (bolt of poison)]
 33761 | Swamp:3  | Noticed Mlioglotl
 33867 | Swamp:3  | Gained mutation: You have hidden genetic defects.
                  | [mutagenic glow]
 34162 | Swamp:3  | Killed Mlioglotl
 34702 | Swamp:4  | Entered Level 4 of the Swamp
 35096 | Swamp:4  | Gained mutation: You occasionally lose the ability to read
                  | scrolls when taking damage. [hidden defects]
 35099 | Swamp:4  | Lost mutation: Your mind is acute. (Int +4, Str/Dex -1)
                  | [potion of mutation]
 35099 | Swamp:4  | Lost mutation: You occasionally lose the ability to read
                  | scrolls when taking damage. [potion of mutation]
 35099 | Swamp:4  | Lost mutation: Your flesh is heat resistant. (rF+) [potion
                  | of mutation]
 35099 | Swamp:4  | Gained mutation: You possess an exceptional clarity of
                  | mind. [potion of mutation]
 35099 | Swamp:4  | Gained mutation: Your mind is acute. (Int +4, Str/Dex -1)
                  | [potion of mutation]
 35100 | Swamp:4  | Lost mutation: You expend magic power (3 MP) to strengthen
                  | your wands. [potion of mutation]
 35100 | Swamp:4  | Lost mutation: You possess an exceptional clarity of mind.
                  | [potion of mutation]
 35100 | Swamp:4  | Gained mutation: You occasionally lose the ability to read
                  | scrolls when taking damage. [potion of mutation]
 35100 | Swamp:4  | Gained mutation: Your system is resistant to poisons.
                  | (rPois) [potion of mutation]
 35100 | Swamp:4  | Gained mutation: Your body sometimes deteriorates upon
                  | taking damage. [potion of mutation]
 35100 | Swamp:4  | Lost mutation: You have hidden genetic defects. [potion of
                  | mutation]
 35101 | Swamp:4  | Lost mutation: Your body sometimes deteriorates upon taking
                  | damage. [potion of mutation]
 35101 | Swamp:4  | Lost mutation: You occasionally lose the ability to read
                  | scrolls when taking damage. [potion of mutation]
 35898 | Swamp:4  | Noticed a bone dragon
 36123 | Swamp:4  | Got a decaying rune of Zot
 36134 | Swamp:4  | Learned a level 9 spell: Polar Vortex
 36491 | Vaults:1 | Entered Level 1 of the Vaults
 36502 | Vaults:1 | Reached XP level 18. HP: 131/132 MP: 21/34
 36655 | Vaults:1 | Identified the +2 pair of gloves "Nigequno" {rPois Dex+5}
 36655 | Vaults:1 | Noticed Nikola
 36660 | Vaults:1 | Killed Nikola
 37269 | Vaults:1 | Found Sauju's Jewellery Boutique.
 37277 | Vaults:1 | Bought an amulet of regeneration for 330 gold pieces
 37331 | Vaults:1 | Identified the +1 falchion "Tequgot" {elec, Fly Will+}
 37931 | Vaults:2 | Identified the +2 long sword of Pandemonium {heavy, rC+
                  | MP+9 Dex-4}
 37980 | Vaults:2 | Reached skill level 15 in Fire Magic
 37980 | Vaults:2 | Reached skill level 15 in Ice Magic
 38094 | Vaults:2 | Identified the +1 ring mail of the Doldrums {Int+2}
 39256 | Vaults:3 | Noticed Boris
 39262 | Vaults:3 | Killed Boris
 39422 | Vaults:3 | Found Gesag's Magic Scroll Emporium.
 39775 | Vaults:3 | Reached XP level 19. HP: 138/138 MP: 25/36
 40309 | Vaults:3 | HP: 1/138 [ghoul (20)]
 40428 | Vaults:3 | Found a staircase to the Crypt.
 40890 | Vaults:4 | Noticed Bai Suzhen
 41049 | Vaults:4 | Noticed Sojobo
 41316 | Elf:1    | Entered Level 1 of the Elven Halls
 41641 | Elf:1    | Reached skill level 1 in Earth Magic
 41884 | Elf:1    | Found Namisigi's Jewellery Shoppe.
 41899 | Elf:1    | Bought a ring of wizardry for 420 gold pieces
 41907 | Elf:1    | Learned a level 5 spell: Lee's Rapid Deconstruction
 42557 | Elf:2    | Found Seantai's Antique Weapon Shop.
 42947 | Elf:2    | Found a runed translucent gate.
 42948 | Elf:2    | Found a runed translucent gate.
 42948 | Elf:2    | Found a runed translucent gate.
 43268 | D:10     | Killed demibob's ghost
 43277 | D:10     | Got the Parchment of the Boulder
 43286 | D:10     | Learned a level 6 spell: Iron Shot
 43460 | Elf:2    | Reached skill level 5 in Earth Magic
 43979 | Elf:2    | HP: 5/138 [+2 halberd of protection (3)]
 43993 | Elf:2    | HP: 6/138 [deep elf knight/shard of ice (3)]
 44006 | Elf:2    | HP: 4/138 [+2 mace of protection (6)]
 44007 | Elf:2    | HP: 1/138 [deep elf knight/arrow (2)]
 44011 | Elf:2    | Mangled by a +2 battleaxe of freezing

Illustrated notes

Levels and vault maps discovered:
D:1:      dpeg_arrival_erosion, layout_basic, shapermc_ecumenical_altar_gd,
          corexii_corridor_pit, kennysheep_small_spiral,
          nicolae_concentric_dashed_squares_mild
D:2:      layout_rooms, uniq_natasha, uniq_terence
D:3:      layout_loops_ring
D:4:      wad_lake_hut, layout_basic, mainiacjoe_overflow_small_starburst,
          dreamdust_wishing_well, uniq_robin
D:5:      layout_loops_corners, grunt_temple_overflow_open
D:6:      black_bear_nest_1, layout_rooms, nicolae_ru_path_of_blood,
          general_overflow_altar, gammafunk_ghost_split
D:7:      layout_basic, mainiacjoe_overflow_tiny_flanked,
          minmay_temple_entry_offerings, enter_ossuary_5,
          hangedman_abyss_or_decor_passed, minmay_misc_feat_plants
D:8:      layout_gridville, good_gods_temple_1, kennysheep_slug_shrine,
          serial_ice, serial_ice_d, serial_ice_o, serial_ice_k, serial_ice_n,
          uniq_psyche
D:9:      layout_long_grid, enter_bailey_4, serial_shops, shop, worms_lemuel,
          uniq_grum, uniq_maggie
D:10:     layout_big_octagon, hellmonk_ghost_big_iron
D:11:     layout_irregular_city, erik_lair_island, fedhas_altar_fruit_tree,
          uniq_urug
D:12:     layout_roguey, zombieorc2_lemuel
D:13:     layout_irregular_city, enter_trove_6, gammafunk_ghost_fury_of_okawaru,
          serial_shops, shop, tso_altar
D:14:     minmay_angry_zag, layout_loops_corners, david_vaults_1, minmay_holes,
          uniq_frances
D:15:     grunt_enter_depths_snipers, layout_basic, serial_curves,
          eino_curves_03, eino_curves_04, eino_curves_04, eino_curves_04,
          roderic_batcave
Lair:1:   layout_roguey
Lair:2:   layout_regular_city, nicolae_spider_entry_non_spiders,
          portal_ice_cave_entry_imps, gauntlet_entry_generic,
          beast_lair_carwin_9
Lair:3:   layout_regular_city, swamp_mist, enter_volcano_1,
          small_statue_intersection
Lair:4:   layout_roguey, lemuel_fruit_tree
Lair:5:   hangedman_lair_caniforms_friends, layout_misc_corridors, wormcave,
          dpeg_slime_entry_enclosed, minmay_lair_oklob_items, kennysheep_rathole
Swamp:1:  layout_basic_swamp, nicolae_swamp_decorative_isthmus, swamp_pool5,
          nicolae_swamp_treefoil
Swamp:2:  cheibrodos_swamp_tower_of_moss, layout_basic_swamp,
          nicolae_swamp_big_swirl, uniq_jorgrun
Swamp:3:  nicolae_swamp_standing_stones, layout_basic_swamp,
          evilmike_swamp_ruin_house_1, nicolae_swamp_dense_foliage, uniq_aizul,
          uniq_mlioglotl
Swamp:4:  swamp_pestilence, layout_basic_swamp, swamp_pool2
Spider:1: layout_spider_delve, uniq_azrael, uniq_kirke, uniq_donald
Spider:2: layout_chambers, special_room [special_room_bee]
Spider:3: layout_spider_delve, hellmonk_test_site, uniq_roxanne, uniq_arachne
Spider:4: spider_rune_water
Orc:1:    layout_caves, serial_shops, nicolae_shop_statue_plus,
          kennysheep_orc_sif_temple
Orc:2:    st_orc_rangers, layout_diamond_mine, basic_altar
Elf:1:    eino_elf_arrival_shootout, layout_loops_corners, serial_shops,
          shop_statue, minivault_28
Elf:2:    nicolae_elf_blades_splatter_lattice [nicolae_blade_tridents],
          layout_geoelf_grid, serial_co_window_serial, co_window_cross_1,
          co_window_paths_b, co_window_corner_a, co_window_corner_a,
          co_window_corner_a, co_window_broadway_a, co_window_corner_b,
          co_window_corner_ca, glass_columns_b, glass_columns_b, serial_shops,
          shop
Vaults:1: nicolae_vaults_little_squares_3, nicolae_vaults_little_squares_5,
          hangedman_vaults_restitches, vaults_mumra_chevron,
          hangedman_vaults_river_flow, vaults_room_door_ring, v_pattern_1,
          vaults_dpeg_ring, ontoclasm_vaults_idyll, layout_vaults_big_room,
          serial_shops, shop, uniq_nikola
Vaults:2: st_smaller_cells, v_misc_15, nicolae_vaults_angled_halls,
          nicolae_vaults_what_the_h, vaults_room_pools,
          nicolae_vaults_little_squares_5, nicolae_vaults_specimen_jars,
          v_misc_13, nicolae_vaults_shelves_hall, v_misc_18,
          vaults_dpeg_diagonal, grunt_vaults_hallway_short,
          ontoclasm_vaults_fault, layout_vaults_omnicross
Vaults:3: v_misc_8, nicolae_vaults_hallways_thing, v_misc_12,
          minmay_crypt_entry_simple_walls, vaults_dpeg_emergency_exit,
          dpeg_vaults_monster_box, layout_vaults_omnigrid, serial_shops,
          nicolae_shop_stone, uniq_boris, uniq_margery
Vaults:4: nicolae_vaults_puzzle_piece, kennysheep_vaults_gozag_temple,
          v_misc_30, hangedman_vaults_cutoff, nicolae_vaults_big_ls, v_misc_33,
          vaults_room_fours, ontoclasm_vaults_decontamination, serial_ice_h,
          nicolae_vaults_shelves_hall, ontoclasm_vaults_gateway,
          layout_vaults_ring, serial_shops, nicolae_shop_bloodbath_and_beyond,
          uniq_bai_suzhen, uniq_sojobo

Skill      XL: |  1  2  3  4  5  6  7  8  9 10 11 12 13 14 15 16 17 18 19 |
---------------+----------------------------------------------------------+-----
Spellcasting   | 2 3 4 5 9 10 11 12 13 14 | 14.7
Conjurations   | 2 3 4 5 6 8 9 |  9.0
Fire Magic     | 2 3 5 7 8 10 11 13 14 15 16 | 16.4
Air Magic      | 1 3 4 5 7 8 9 |  9.0
Poison Magic   | 5 8 9 |  9.0
Transmutations | 5 8 9 |  9.0
Ice Magic      | 6 10 11 13 14 15 16 | 16.4
Dodging        | 3 5 6 8 9 |  9.0
Fighting       | 4 6 8 9 |  9.0
Earth Magic    | 5 |  5.3
Short Blades   | |  1.7
Stealth        | |  4.5

Action                     |  1- 3 |  4- 6 |  7- 9 | 10-12 | 13-15 | 16-18 | 19-21 || total
---------------------------+-------+-------+-------+-------+-------+-------+-------++-------
  Melee: Short sword       |    30 |    60 |    22 |       |       |       |       ||   112
         Punch             |     1 |       |     1 |     1 |     2 |       |       ||     5
         Tailslap          |     8 |    13 |     8 |    23 |    11 |     5 |     3 ||    71
         Staff             |       |       |    39 |   116 |    50 |    46 |     7 ||   258
  Throw: Throwing net      |       |       |     2 |       |       |       |       ||     2
   Cast: Foxfire           |       |   166 |   207 |    69 |       |       |       ||   442
         Static Discharge  |       |       |    58 |     7 |     1 |       |       ||    66
         Poisonous Vapours |       |       |    97 |    75 |    84 |    49 |       ||   305
         Olgreb's Toxic Ra |       |       |     6 |    76 |   149 |    73 |       ||   304
         Ignite Poison     |       |       |       |    74 |   159 |    63 |       ||   296
         Irradiate         |       |       |       |    40 |    64 |    71 |     6 ||   181
         Eringya's Noxious |       |       |       |     8 |    53 |     2 |       ||    63
         Ozocubu's Refrige |       |       |       |       |    12 |   296 |   126 ||   434
         Blink             |       |       |       |       |     5 |     5 |       ||    10
         Fireball          |       |       |       |       |       |   129 |     6 ||   135
         Freezing Cloud    |       |       |       |       |       |    14 |     1 ||    15
         Ignition          |       |       |       |       |       |    45 |    43 ||    88
         Lee's Rapid Decon |       |       |       |       |       |       |    32 ||    32
         Iron Shot         |       |       |       |       |       |       |    12 ||    12
  Evoke: Wand              |       |       |       |     2 |     1 |       |       ||     3
    Use: Scroll            |     1 |     1 |    12 |     7 |    11 |    30 |     9 ||    71
         Potion            |     1 |       |     4 |     9 |     5 |    21 |    10 ||    50
   Stab: Sleeping          |     4 |     3 |     1 |       |     1 |       |       ||     9
 Armour: Leather armour    |     8 |    21 |   114 |    48 |       |       |       ||   191
         Troll leather arm |       |       |       |   108 |   180 |   151 |    25 ||   464
  Dodge: Dodged            |    13 |    54 |   210 |   238 |   219 |   296 |    71 ||  1101
  Block: Other             |       |       |       |       |       |    11 |       ||    11

Table legend: (Time is in decaauts)
 A = Elapsed time spent in this place.
 B = Non-inter-level travel time spent in this place.
 C = Inter-level travel time spent in this place.
 D = Time resting spent in this place.
 E = Time spent auto-exploring this place.
 F = Levels seen in this place.
 G = Mean time per level.
                   A        B        C        D        E       F      G
               +--------+--------+--------+--------+--------+-----+--------+
         Total |  44529 |  41031 |   3498 |     29 |  32957 |  38 | 1171.8 |
       Dungeon |  19565 |  17941 |   1624 |     29 |  14137 |  15 | 1304.3 |
          Lair |   5583 |   4963 |    620 |      0 |   4070 |   5 | 1116.6 |
         Swamp |   5277 |   4951 |    326 |      0 |   4070 |   4 | 1319.2 |
   Spider Nest |   4790 |   4632 |    158 |      0 |   3654 |   4 | 1197.5 |
  Orcish Mines |    956 |    798 |    158 |      0 |    656 |   2 |  478.0 |
   Elven Halls |   2447 |   2245 |    202 |      0 |   1867 |   2 | 1223.5 |
        Vaults |   4701 |   4295 |    406 |      0 |   3622 |   4 | 1175.2 |
       Ossuary |    698 |    698 |      0 |      0 |    574 |   1 |  698.0 |
      Gauntlet |    509 |    509 |      0 |      0 |    305 |   1 |  509.0 |
               +--------+--------+--------+--------+--------+-----+--------+

Top non-repeatable levels by time:
     D:7: 1998 daAuts
Vaults:3: 1843 daAuts
     D:8: 1711 daAuts
Spider:2: 1693 daAuts
     D:5: 1669 daAuts
    D:13: 1623 daAuts
  Lair:5: 1619 daAuts
 Swamp:4: 1551 daAuts
Vaults:2: 1508 daAuts
    D:12: 1501 daAuts
    D:15: 1486 daAuts
 Swamp:3: 1452 daAuts
Spider:4: 1446 daAuts
     D:9: 1437 daAuts
   Elf:1: 1401 daAuts
